 Dungeon Crawl Stone Soup version 0.29-a0-962-gc8bbfd0a37 (webtiles) character file.

Game seed: 12022530665215030930

32055 jt the Fighter (level 14, -3/133 HPs)
             Began as a Meteoran Wanderer on July 30, 2022.
             Was the Champion of Okawaru.
             Slain by a peacekeeper (25 damage)
             ... in the Desolation of Salt on July 31, 2022.
             The game lasted 00:52:27 (7246 turns).

jt the Fighter (Meteoran Wanderer)                  Turns: 7246, Time: 00:52:29

Health: -3/133     AC: 35    Str: 29    XL:     14   Next: 32%
Magic:  25/25      EV: 10    Int: 11    God:    Okawaru [******]
Gold:   389        SH:  7    Dex: 16    Spells: 14/15 levels left

rFire   + . .      SeeInvis .   Q - +9 hand axe "Qiunaxo" {vorpal, Drain +Blink rElec Str+5}
rCold   + + .      Faith    .   b - +0 buckler
rNeg    . . .      Spirit   .   A - +2 crystal plate armour {rC+}
rPois   +          Reflect  .   J - +1 helmet of Danwautydd {+Blink rPois Str+3 Int-4}
rElec   +          Harm     .   (no cloak)
rCorr   .          Rampage  .   l - +0 pair of fencer's gloves {Riposte Dex+3}
Will    +....                   R - +5 pair of boots of Ponkallo {rPois rF+ Str+2 Stlth+}
Stlth   ..........              (no amulet)
HPRegen 0.32/turn               D - ring of protection from cold
MPRegen 0.19/turn               d - +4 ring of slaying

@: heroic, on blink cooldown, glowing
A: sense surroundings 2, otherworldly, glowing, explore regen
a: Renounce Religion, Evoke Blink, Heroism, Finesse, Duel


You were in the Desolation of Salt.
You worshipped Okawaru.
Okawaru was exalted by your worship.
You visited 4 branches of the dungeon, and saw 16 of its levels.
You visited the Abyss 1 time.
You visited 1 bazaar.
You also visited: Ossuary, Ice Cave and Desolation.

You collected 1195 gold pieces.
You spent 806 gold pieces at shops.

Inventory:

Hand Weapons
 a - a +2 demon whip of freezing
 c - a +0 bardiche
 e - a +0 sling
 u - a +0 trident
 v - a +0 hand axe of freezing
 w - a +0 morningstar
 H - a +0 hand axe of draining
 M - a +1 hand axe of freezing
 Q - the +9 hand axe "Qiunaxo" (weapon) {vorpal, Drain +Blink rElec Str+5}
   (You bought it in a shop in a bazaar)

   It inflicts extra damage upon your enemies.
   Str:       It affects your strength (+5).
   rElec:     It insulates you from electricity.
   +Blink:    It lets you blink.
   Drain:     It drains your maximum health when unequipped.
Missiles
 g - 3 javelins
 i - 79 stones (quivered)
 m - 8 poisoned darts
 n - 5 boomerangs
 o - 4 atropa-tipped darts
Armour
 b - a +0 buckler (worn)
 h - an orb of light
 l - the +0 pair of fencer's gloves (worn) {Riposte Dex+3}
   (Okawaru gifted it to you on level 2 of the Abyss)

   It allows the wearer to riposte with melee weapons, swiftly retaliating
   against missed or blocked melee attacks.
   Dex:       It affects your dexterity (+3).
 t - a +0 helmet
 A - a +2 crystal plate armour of cold resistance (worn)
 B - a +0 leather armour of fire resistance
 J - the +1 helmet of Danwautydd (worn) {+Blink rPois Str+3 Int-4}
   (You bought it in a shop on level 8 of the Dungeon)

   Str:       It affects your strength (+3).
   Int:       It affects your intelligence (-4).
   rPois:     It protects you from poison.
   +Blink:    It lets you blink.
 P - a +0 pair of boots of stealth
 R - the +5 pair of boots of Ponkallo (worn) {rPois rF+ Str+2 Stlth+}
   (Okawaru gifted it to you on level 2 of the Orcish Mines)

   Str:       It affects your strength (+2).
   rF:        It protects you from fire.
   rPois:     It protects you from poison.
   Stlth:     It makes you more stealthy.
Magical Staves
 z - a staff of cold
 K - a staff of conjuration
Jewellery
 d - a +4 ring of slaying (right hand)
 C - a ring of poison resistance
 D - a ring of protection from cold (left hand)
Wands
 s - a wand of paralysis (3)
 y - a wand of digging (2)
 F - a wand of flame (17)
Scrolls
 f - 4 scrolls of vulnerability
 r - 3 scrolls of fog
 E - a scroll of identify
Potions
 j - 3 potions of attraction
 k - a potion of mutation


   Skills:
 + Level 14.3(19.3) Fighting
 - Level 13.2(18.2) Maces & Flails
 + Level 9.2(14.2) Armour
 - Level 4.0(9.0) Dodging
 - Level 6.0(11.0) Shields
 - Level 1.3 Spellcasting
 - Level 4.8 Summonings
 + Level 14.0 Invocations
 - Level 8.0 Evocations


You had 14 spell levels left.
You knew the following spells:

 Your Spells              Type           Power      Damage    Failure   Level
a - Summon Small Mammal   Summ           44%        N/A       67%         1

Your spell library contained the following spells:

 Spells                   Type           Power      Damage    Failure   Level
 Static Discharge         Conj/Air       0%         3-3/arc   100%        2
 Dispel Undead            Necr           0%         3d6       100%        4
 Hailstorm                Conj/Ice       0%         3d3       100%        4
 Sticky Flame             Conj/Fire      0%         2d3       100%        4
 Freezing Cloud           Conj/Ice/Air   0%         6-21      100%        5
 Polar Vortex             Ice            0%         N/A       100%        9
 Call Canine Familiar     Summ           Unusable   N/A       N/A         3
 Summon Guardian Golem    Hex/Summ       Unusable   N/A       N/A         3
 Summon Ice Beast         Ice/Summ       Unusable   N/A       N/A         4

Dungeon Overview and Level Annotations

Branches:
Dungeon (12/15) Zot: 2640  Temple (1/1) D:7 Zot: 598     Orc (2/2) D:11 Zot: 456
    Elf (1/3) Orc:2 Zot: 482 Ossuary (visited)           IceCv (visited)
Desolation (1/1) Zot: 569
   Lair: D:8-11

Altars:
Cheibriados
Dithmenos
Fedhas
Kikubaaqudgha
Makhleb
Okawaru
Qazlal
Sif Muna
Trog
Wu Jian
Yredelemnul

Shops:
D:8 [?[(


Innate Abilities, Weirdness & Mutations

You passively map the area around you.
You are easily found by Zot.
You glow in the dark.
You regain HP and MP as you explore.


Message History

Press: ? - help, v - describe, . - travel
Here: a saltling (strong, sheltered from injuries)
The floor.
Okay, then.
You slash the servant of whispers!
The servant of whispers is moderately wounded.
You hit the saltling but do no damage.
You hit the peacekeeper but do no damage.
You barely miss the saltling. You hit the saltling.
A guardian serpent comes into view.
The saltling barely misses you.
You riposte.
The guardian serpent shouts!
You hit the saltling but do no damage.
The saltling is lightly damaged.
You hit the saltling.
You barely miss the servant of whispers.
You hit the saltling. You slash the peacekeeper!
The servant of whispers hits you but does no damage.
The saltling hits you!!
The ragged hierophant points at you and mumbles some strange words.
A blast of power from the earth and the adjacent constructs strikes you!
* * * LOW HITPOINT WARNING * * *
You block the servant of whispers's attack.
The peacekeeper closely misses you.
The peacekeeper claws you but does no damage.
You block the saltling's attack.
Okay, then.
The servant of whispers attacks as you move away!
You block the servant of whispers's attack.
You riposte.
You slash the servant of whispers!
The servant of whispers is moderately wounded.
You hit the saltling. You barely miss the peacekeeper.
You hit the saltling but do no damage. x2; You slash the ragged hierophant!
The saltling attacks as you move away!
The saltling hits you but does no damage.
The saltling attacks as you move away! The saltling hits you!
* * * LOW HITPOINT WARNING * * *
The peacekeeper attacks as you move away!
The peacekeeper bites you!!
You die...

................### ##..,
, ,
#.................###....,
,
......................S..,
.............#...........
,
.........................*
, ,
...................a.....
,
....#..........9a9.a.....
, , ,
.....#........9a9999.....
,,
...............a@9999....
,
.................99......
**
.................##......
.................. ......
,, .∩.∩..............
...... ...................
....., ,
................... .....
,, .................... ,,
, ..........# , , ,,,, ,
,,


You could see 3 ragged hierophants, 2 servants of whispers, 2 peacekeepers, a
guardian serpent and 11 saltlings.

Vanquished Creatures
  A tentacled starspawn (Abyss:2)
  A frost giant (IceCv)
  Erolcha (D:11)
  A peacekeeper (Desolation)
  A two-headed ogre (Orc:2)
  A tengu warrior (D:9)
  A thrashing horror (Abyss:2)
  2 dancing weapons
  3 death yaks (IceCv)
  2 orc high priests (Orc:2)
  A spatial maelstrom (Abyss:2)
  3 orc knights (Orc:2)
  8 deep elf zephyrmancers (Elf:1)
  Pikel (D:9)
  3 deep elf pyromancers (Elf:1)
  An orc sorcerer (Orc:2)
  A cyclops (D:9)
  An ugly thing (D:11)
  A manticore (D:11)
  Joseph (D:7)
  2 rime drakes (IceCv)
  2 ancient zymes (Abyss:2)
  6 trolls
  4 polar bears (IceCv)
  2 saltlings (Desolation)
  An air elemental (Elf:1)
  A shadow (D:11)
  A wraith (D:12)
  A wyvern (D:9)
  8 yaks
  A human (shapeshifter) (D:9)
  A vampire mosquito (D:8)
  2 fire elementals (Elf:1)
  A neqoxec (Abyss:2)
  5 small abominations (Abyss:2)
  3 steam dragons
  Menkaure (D:5)
  A swamp worm (D:8)
  A warg (Orc:2)
  3 acid dragons
  2 water moccasins
  17 orc warriors
  2 sky beasts
  A black bear (D:6)
  7 ogres
  9 wolves (IceCv)
  3 centaurs
  2 lemures
  3 phantoms
  A kobold brigand (D:8)
  3 bullfrogs
  A necrophage (D:4)
  5 scorpions
  An earth elemental (Elf:1)
  11 wights
  10 killer bees
  A troll zombie (D:11)
  5 howler monkeys
  A centaur zombie (Ossuary)
  4 hounds (D:6)
  A jelly (D:6)
  A gnoll bouda (D:5)
  11 orc priests
  An iron imp (Abyss:2)
  3 iguanas (D:7)
  Ijyb (D:5)
  14 orc wizards
  7 ogre zombies (D:11)
  2 mummies (Ossuary)
  3 adders
  5 gnolls (D:5)
  A shadow imp (D:6)
  13 white imps
  An ufetubus (D:4)
  3 worms
  49 orcs
  6 endoplasms
  2 giant cockroaches
  4 goblins
  8 hobgoblins
  4 jackals (D:4)
  A quokka (D:2)
  4 ball pythons
  2 bats
  2 frilled lizards
  4 goblin zombies
  19 hobgoblin zombies
  4 jackal zombies (Ossuary)
  10 kobolds
  8 kobold zombies (Ossuary)
  3 orc skeletons (D:11)
  21 orc zombies
  4 rats
  A rat zombie (Ossuary)
  4 pillars of salt (Elf:1)
  A starspawn tentacle (Abyss:2)
399 creatures vanquished.

Vanquished Creatures (collateral kills)
  A dart slug (D:1)
  A frilled lizard (D:1)
2 creatures vanquished.

Vanquished Creatures (others)
  A rime drake (IceCv)
  An orc (Orc:1)
  2 plants (D:8)
  6 starspawn tentacles (Abyss:2)
10 creatures vanquished.

Grand Total: 411 creatures vanquished

Notes
Turn   | Place    | Note
-------+----------+-------------------------------------------
     0 | D:1      | jt the Meteoran Wanderer began the quest for the Orb.
     0 | D:1      | jt set off with the following items: a +0 mace, a +0
                  | buckler, a potion of lignification, a +0 leather armour;
                  | and the following spell memorised: Summon Small Mammal; and
                  | the following spells available to memorise: Call Canine
                  | Familiar, Summon Guardian Golem.
     0 | D:1      | Reached XP level 1. HP: 16/16 MP: 3/3
   103 | D:2      | Reached XP level 2. HP: 19/23 MP: 5/5
   186 | D:1      | Reached XP level 3. HP: 19/29 MP: 4/6
   765 | D:3      | Identified a scroll of acquirement
   766 | D:3      | Acquired a +1 demon whip of freezing
   786 | D:3      | Reached XP level 4. HP: 37/37 MP: 7/7
   860 | D:4      | Found a sand-covered staircase.
   863 | Ossuary  | Entered an ossuary
  1013 | Ossuary  | Reached XP level 5. HP: 40/45 MP: 8/8
  1363 | D:5      | Entered Level 5 of the Dungeon
  1398 | D:5      | Noticed an ogre
  1405 | D:5      | Killed an ogre
  1406 | D:5      | Reached skill level 5 in Maces & Flails
  1406 | D:5      | Reached XP level 6. HP: 44/51 MP: 9/9
  1931 | D:4      | Reached XP level 7. HP: 52/58 MP: 10/10
  1962 | D:4      | Found an iron altar of Okawaru.
  1973 | D:4      | Became a worshipper of Warmaster Okawaru
  1977 | D:4      | Found a shimmering blue altar of Sif Muna.
  2171 | D:5      | Noticed a water moccasin
  2174 | D:5      | Killed a water moccasin
  2180 | D:5      | Noticed Menkaure
  2183 | D:5      | Killed Menkaure
  2184 | D:5      | Reached XP level 8. HP: 67/67 MP: 11/11
  2423 | D:5      | Reached * piety under Okawaru
  2424 | D:5      | Reached skill level 5 in Fighting
  2464 | D:5      | Noticed Ijyb
  2489 | D:5      | Reached skill level 5 in Shields
  2499 | D:5      | Paralysed by Ijyb for 3 turns
  2506 | D:5      | Killed Ijyb
  2629 | D:6      | Reached skill level 1 in Evocations
  2686 | D:6      | Gained mutation: You passively map the area around you.
                  | [Meteoran growth]
  2686 | D:6      | Reached XP level 9. HP: 74/75 MP: 12/12
  2817 | D:6      | Reached ** piety under Okawaru
  3061 | D:7      | HP: 3/78 [poisoned by a killer bee]
  3096 | D:7      | Noticed Joseph
  3123 | D:7      | Killed Joseph
  3127 | D:7      | Reached skill level 5 in Evocations
  3142 | D:7      | Found a staircase to the Ecumenical Temple.
  3158 | Temple   | Entered the Ecumenical Temple
  3183 | D:8      | Found Waxirr's Magic Scroll Shoppe.
  3218 | D:8      | Reached XP level 10. HP: 29/86 MP: 13/13
  3385 | D:8      | Reached *** piety under Okawaru
  3444 | D:8      | Reached skill level 10 in Maces & Flails
  3476 | D:8      | Bought a scroll of teleportation for 36 gold pieces
  3476 | D:8      | Bought a scroll of teleportation for 36 gold pieces
  3550 | D:8      | Reached skill level 1 in Invocations
  3858 | D:8      | Found Wunt's Armour Emporium.
  3864 | D:8      | Bought the +1 helmet of Danwautydd {+Blink rPois Str+3
                  | Int-4} for 307 gold pieces
  3880 | D:8      | Found Intoc's Antique Armour Boutique.
  3950 | D:9      | Noticed Pikel
  4039 | D:8      | Reached **** piety under Okawaru
  4088 | D:8      | Found Lexa's Weapon Boutique.
  4166 | D:9      | Reached XP level 11. HP: 23/97 MP: 15/15
  4200 | D:9      | Reached skill level 5 in Invocations
  4247 | D:9      | Killed Pikel
  4358 | D:9      | Noticed a cyclops
  4370 | D:9      | Killed a cyclops
  4370 | D:9      | Reached ***** piety under Okawaru
  4407 | D:9      | Noticed a tengu warrior
  4415 | D:9      | Noticed a two-headed ogre
  4416 | D:9      | Killed a tengu warrior
  4417 | D:9      | Reached skill level 10 in Fighting
  4418 | D:9      | Noticed a wizard
  4419 | D:9      | Noticed a centaur warrior
  4420 | Abyss:2  | Cast into level 2 of the Abyss (a wizard)
  4448 | Abyss:2  | Noticed a worldbinder
  4450 | Abyss:2  | Noticed a bone dragon
  4453 | Abyss:2  | Noticed a deep elf knight
  4453 | Abyss:2  | Noticed a deep elf zephyrmancer
  4458 | Abyss:2  | Noticed a smoke demon
  4467 | Abyss:2  | Noticed a thrashing horror
  4488 | Abyss:2  | Killed a thrashing horror
  4488 | Abyss:2  | Received a gift from Okawaru
  4488 | Abyss:2  | Found the +0 pair of fencer's gloves {Riposte Dex+3}
  4503 | Abyss:2  | Noticed a deep elf pyromancer
  4504 | Abyss:2  | Noticed a deep elf knight
  4506 | Abyss:2  | Noticed a wretched star
  4510 | Abyss:2  | Noticed a deep elf zephyrmancer
  4510 | Abyss:2  | Noticed a deep elf knight
  4584 | Abyss:2  | Noticed a smoke demon
  4585 | Abyss:2  | Noticed an ancient lich
  4593 | Abyss:2  | Noticed a tentacled starspawn
  4668 | Abyss:2  | Noticed a tentacled starspawn
  4673 | Abyss:2  | Noticed a spatial maelstrom
  4681 | Abyss:2  | Killed a tentacled starspawn
  4682 | Abyss:2  | Reached XP level 12. HP: 93/108 MP: 17/19
  4686 | Abyss:2  | Noticed a white very ugly thing
  4691 | Abyss:2  | Killed a spatial maelstrom
  4694 | D:9      | Escaped the Abyss
  4757 | D:10     | Entered Level 10 of the Dungeon
  4770 | D:9      | Received a gift from Okawaru
  4984 | D:11     | Noticed Erolcha
  4996 | D:11     | Killed Erolcha
  4997 | D:11     | Reached skill level 1 in Dodging
  5036 | D:10     | Found a snail-covered altar of Cheibriados.
  5287 | D:11     | Reached skill level 5 in Armour
  5303 | D:11     | Found a staircase to the Orcish Mines.
  5359 | D:11     | Found a frozen archway.
  5377 | IceCv    | Entered an ice cave
  5401 | IceCv    | Noticed a death yak
  5416 | IceCv    | Reached skill level 10 in Invocations
  5432 | IceCv    | Killed a death yak
  5463 | IceCv    | Noticed a death yak
  5473 | IceCv    | Killed a death yak
  5516 | IceCv    | Noticed a death yak
  5516 | IceCv    | Noticed a frost giant
  5527 | IceCv    | Killed a death yak
  5527 | IceCv    | Received a gift from Okawaru
  5528 | IceCv    | Reached XP level 13. HP: 119/119 MP: 20/22
  5597 | IceCv    | Killed a frost giant
  5641 | IceCv    | Got the Lectures on Hypothermia
  5674 | IceCv    | Noticed a death yak
  5674 | IceCv    | Noticed a death yak
  5694 | IceCv    | Noticed a death yak
  5965 | IceCv    | Glimpsed the power of Zot.
  6015 | IceCv    | Glimpsed the power of Zot.
  6055 | IceCv    | Glimpsed the power of Zot.
  6151 | Orc:1    | Entered Level 1 of the Orcish Mines
  6201 | Orc:2    | Entered Level 2 of the Orcish Mines
  6336 | Orc:2    | Found a flickering gateway to a bazaar.
  6346 | Bazaar   | Entered a bazaar
  6346 | Bazaar   | Found Jeaphete's Antique Armour Shop.
  6349 | Bazaar   | Found Ikeocric's Antique Weapon Shop.
  6381 | Bazaar   | Found Heeremut's General Store.
  6414 | Bazaar   | Bought a pair of glowing boots for 195 gold pieces
  6427 | Bazaar   | Bought a slimy hand axe for 232 gold pieces
  6427 | Bazaar   | Identified the +9 hand axe "Qiunaxo" {vorpal, Drain +Blink
                  | rElec Str+5} (You bought it in a shop in a bazaar)
  6464 | Orc:2    | Reached ****** piety under Okawaru
  6464 | Orc:2    | Identified the +5 pair of boots of Ponkallo {rPois rF+
                  | Str+2 Stlth+} (Okawaru gifted it to you on level 2 of the
                  | Orcish Mines)
  6464 | Orc:2    | Received a gift from Okawaru
  6685 | Orc:1    | Noticed a two-headed ogre
  6720 | Orc:2    | Noticed a two-headed ogre
  6752 | Orc:2    | Killed a two-headed ogre
  6948 | Orc:2    | HP: 6/123 [something/magic dart (9)]
  7012 | Orc:2    | Found a staircase to the Elven Halls.
  7023 | Elf:1    | Entered Level 1 of the Elven Halls
  7028 | Elf:1    | Paralysed by an air elemental for 1 turns
  7114 | Elf:1    | Reached XP level 14. HP: 85/130 MP: 23/25
  7124 | Elf:1    | Received a gift from Okawaru
  7178 | Elf:1    | Found a crumbling gateway.
  7187 | Elf:1    | Identified the +4 bardiche of Heresy {flame, Drain rF-
                  | rCorr SInv} (Okawaru gifted it to you on level 1 of the
                  | Elven Halls)
  7187 | Elf:1    | Received a gift from Okawaru
  7212 | Desolati | Entered the Desolation of Salt
  7246 | Desolati | Slain by a peacekeeper

Illustrated notes

Levels and vault maps discovered:
D:1:      tarquinn_simple_flora_water_e, layout_loops_ring, minmay_pentomino_x4
D:2:      layout_basic, nicolae_wormholes
D:3:      layout_loops_ring, grunt_ministairs_7, uniq_crazy_yiuf_cottage
D:4:      layout_gridville, mainiacjoe_overflow_large_starburst, serial_glass,
          glass_columns_c, glass_columns_a, glass_columns_b, glass_columns_a,
          glass_columns_c, glass_columns_c, glass_columns_c, glass_columns_a,
          lightli_ossuary_entry_decrepit_ruins, minmay_ogre_servants
D:5:      layout_gridville, uniq_ijyb, uniq_menkaure
D:6:      layout_gridville, minmay_misc_feat_five, st_stairs_2,
          minmay_starry_boxes, uniq_sigmund
D:7:      layout_basic, minmay_temple_entry_overgrown, uniq_joseph
D:8:      layout_cave_pools, serial_shops, shop, nicolae_shop_trees, shop, shop,
          worms_lemuel
D:9:      hangedman_cross_veins, layout_basic, vehumet_crystals,
          eino_small_chamber_without_monster, corner_web_ring,
          small_chamber_with_monster, uniq_pikel
D:10:     layout_irregular_city, mainiacjoe_overflow_concentric_impassable,
          david_lair_shrubbed, minmay_ruffians
D:11:     layout_basic, zombieorc2_lemuel, portal_ice_cave_entry_imps,
          serial_glass, glass_columns_b, glass_columns_c, uniq_erolcha
D:12:     layout_irregular_city
Temple:   eino_narrow_crystal_temple
Orc:1:    hellmonk_paralyzer, layout_caves, basic_altar
Orc:2:    grunt_orc_tribal_feast, layout_caves, serial_shops, bzr_entry_gold
Elf:1:    nicolae_elf_arrival_aired_out, layout_loops_cross,
          portal_desolation_entry_garden, minmay_elf_demonology,
          grunt_ministairs_5, minmay_shoptagon
Desolation

Skill      XL: |  1  2  3  4  5  6  7  8  9 10 11 12 13 14 |
---------------+-------------------------------------------+-----
Maces & Flails | 3 4 5 6 7 9 11 13 | 13.2
Fighting       | 2 3 4 5 7 9 10 12 13 14 | 14.3
Armour         | 2 3 4 5 8 9 |  9.2
Shields        | 2 3 4 5 6 |  6.0
Evocations     | 2 5 6 8 |  8.0
Invocations    | 4 8 10 13 14 | 14.0
Dodging        | 4 |  4.0
Spellcasting   | |  1.3
Summonings     | |  4.8

Action                   |  1- 3 |  4- 6 |  7- 9 | 10-12 | 13-15 || total
-------------------------+-------+-------+-------+-------+-------++-------
Melee: Mace              |    74 |       |       |       |       ||    74
       Demon whip        |     5 |   159 |   230 |   502 |   253 ||  1149
       Hand axe          |       |       |       |       |    72 ||    72
Throw: Stone             |       |     2 |       |     3 |       ||     5
       Dart              |       |       |     6 |    19 |    14 ||    39
 Cast: Summon Small Mamm |     7 |       |       |       |       ||     7
Invok: Heroism           |       |       |     2 |    10 |    10 ||    22
 Abil: Evoke Blink       |       |       |       |     6 |     7 ||    13
Evoke: Wand              |       |       |     6 |     9 |    14 ||    29
  Use: Potion            |     2 |     4 |     6 |     4 |     8 ||    24
       Scroll            |     4 |     6 |     6 |     4 |     5 ||    25
 Stab: Paralysed         |       |       |    18 |     8 |     5 ||    31
Armor: Leather armour    |    26 |       |       |       |       ||    26
       Chain mail        |     7 |    76 |   113 |   168 |    14 ||   378
       Skin              |       |       |    17 |       |       ||    17
       Crystal plate arm |       |       |       |       |   157 ||   157
Dodge: Dodged            |    43 |    30 |    55 |   102 |    57 ||   287
Block: Buckler           |     7 |    23 |    41 |    90 |    77 ||   238
       Rpst.: Demon whip |       |       |       |    34 |    22 ||    56
       Hand axe          |       |       |       |       |    13 ||    13

Table legend: (Time is in decaauts)
 A = Elapsed time spent in this place.
 B = Non-inter-level travel time spent in this place.
 C = Inter-level travel time spent in this place.
 D = Time resting spent in this place.
 E = Time spent auto-exploring this place.
 F = Levels seen in this place.
 G = Mean time per level.
                   A        B        C        D        E       F      G
               +--------+--------+--------+--------+--------+-----+--------+
         Total |   6803 |   6546 |    257 |    587 |     11 |  21 |  324.0 |
       Dungeon |   4559 |   4302 |    257 |     97 |      5 |  12 |  379.9 |
        Temple |      1 |      1 |      0 |      0 |      0 |   1 |    1.0 |
  Orcish Mines |    743 |    743 |      0 |      0 |      0 |   2 |  371.5 |
   Elven Halls |    117 |    117 |      0 |      0 |      0 |   1 |  117.0 |
         Abyss |    247 |    247 |      0 |      0 |      0 |   1 |  247.0 |
        Bazaar |     96 |     96 |      0 |      0 |      6 |   1 |   96.0 |
       Ossuary |    416 |    416 |      0 |    143 |      0 |   1 |  416.0 |
      Ice Cave |    591 |    591 |      0 |    347 |      0 |   1 |  591.0 |
    Desolation |     30 |     30 |      0 |      0 |      0 |   1 |   30.0 |
               +--------+--------+--------+--------+--------+-----+--------+

Top non-repeatable levels by time:
   Orc:2: 627 daAuts
   IceCv: 591 daAuts
     D:6: 583 daAuts
     D:8: 563 daAuts
     D:5: 552 daAuts
     D:9: 498 daAuts
     D:4: 485 daAuts
     D:1: 478 daAuts
 Ossuary: 416 daAuts
     D:2: 350 daAuts
     D:7: 314 daAuts
    D:11: 301 daAuts
     D:3: 299 daAuts
 Abyss:2: 247 daAuts
   Elf:1: 117 daAuts
